 Dungeon Crawl Stone Soup version 0.31-a0-1370-gf52a5a9ab3 (webtiles) character file.

Game seed: 12290970806868426066

19688 grandjackal the Fighter (level 12, -21/109 (112) HPs)
             Began as a Pale Draconian Gladiator on Dec 24, 2023.
             Was an Elder of Trog.
             Demolished by an orc knight
             ... wielding a +0 war axe
              (33 damage)
             ... on level 2 of the Orcish Mines.
             The game lasted 00:17:57 (13246 turns).

grandjackal the Fighter (Pale Draconian Gladiator) Turns: 13246, Time: 00:17:57

HP:   -21/109 (112) AC: 15    Str: 16    XL:     12   Next: 38%
MP:   12/12         EV: 18    Int: 10    God:    Trog [****..]
Gold: 1228          SH:  0    Dex: 17    Spells: 11/11 levels left

rFire   . . .        F - +0 scimitar
rCold   . . .        (no shield)
rNeg    . . .        (body armour unavailable)
rPois   .            b - +2 hat
rElec   .            p - +2 cloak
rCorr   .            o - +0 pair of gloves
SInv    .            E - +0 pair of boots
Will    ++...        D - amulet of faith
Stlth   ++           i - ring of flight
HPRegen 1.38/turn    (no ring)
MPRegen 0.13/turn

%: faith
@: strong-willed (expiring), on berserk cooldown, flying, regenerating
(expiring), slowed, lightly drained, very slow
A: breathe steam, AC +8, unfitting armour, cold-blooded, steam resistance
a: Breathe Steam, Renounce Religion, Berserk, Trog's Hand, Brothers in Arms


You were on level 2 of the Orcish Mines.
You worshipped Trog.
Trog was greatly pleased with you.
You visited 3 branches of the dungeon, and saw 15 of its levels.
You also visited: Bailey.

You collected 1625 gold pieces.
You spent 397 gold pieces at shops.

Inventory:

Hand Weapons
 l - a +2 short sword of flaming
 r - a +0 dagger of electrocution
 F - a +0 scimitar (weapon)
Missiles
 c - 6 throwing nets (quivered)
 d - a javelin
Armour
 b - a +2 hat (worn)
 o - a +0 pair of gloves (worn)
 p - a +2 cloak (worn)
 E - a +0 pair of boots (worn)
 L - a +0 pair of boots of rampaging
Jewellery
 i - a ring of flight (left hand)
 D - an amulet of faith (around neck)
Wands
 u - a wand of digging (5)
 v - a wand of flame (24)
 B - a wand of charming (22)
Scrolls
 e - a scroll of amnesia {unknown}
 f - 3 scrolls of blinking {unknown}
 h - 3 scrolls of immolation
 k - 2 scrolls of poison {unknown}
 q - 2 scrolls of vulnerability {unknown}
 s - 2 scrolls of enchant weapon {unknown}
 t - 2 scrolls of fog {unknown}
 w - 4 scrolls of fear
 x - 7 scrolls of teleportation
 y - a scroll of summoning {unknown}
 G - 2 scrolls of revelation {unknown}
 K - a scroll of brand weapon {unknown}
Potions
 a - a potion of cancellation
 g - 2 potions of heal wounds
 j - 3 potions of curing
 m - 6 potions of brilliance
 n - 3 potions of might
 z - a potion of attraction
 A - 4 potions of haste
 C - 6 potions of enlightenment
 I - a potion of mutation {unknown}
 J - a potion of berserk rage


   Skills:
 + Level 11.8 Fighting
 + Level 11.1 Long Blades
 - Level 2.0 Throwing
 + Level 10.2 Dodging
 + Level 10.6 Evocations


You had 11 spell levels left.
You didn't know any spells.
Your spell library contained the following spells:

 Spells                   Type           Power      Damage    Failure   Level
 Blink                    Tloc           0%         N/A       50%         2
 Lesser Beckoning         Tloc           0%         N/A       50%         2
 Momentum Strike          Conj/Tloc      0%         3d8       50%         2
 Frozen Ramparts          Ice            0%         1d1       75%         3
 Leda's Liquefaction      Alch/Erth      0%         N/A       98%         4
 Petrify                  Alch/Erth      0%         N/A       98%         4
 Metabolic Englaciation   Hex/Ice        0%         N/A       100%        5


Dungeon Overview and Level Annotations

Branches:
Dungeon (12/15)            Temple (1/1) D:6            Lair (0/5) D:11
    Orc (2/2) D:12         Bailey (visited)
    Elf: Orc:2

Altars:
Ashenzari
Cheibriados
Dithmenos
Elyvilon
Fedhas
Gozag
Hepliaklqana
Kikubaaqudgha
Makhleb
Nemelex Xobeh
Okawaru
Qazlal
Ru
Sif Muna
Trog
Uskayaw
Vehumet
Wu Jian
Xom
Yredelemnul
Zin
The Shining One

Shops:
D:4 *   D:10 ?   D:12 [

Annotations:
D:3 3 runed translucent doors, Aldia's ghost, amateur OnWr


Innate Abilities, Weirdness & Mutations

You can breathe blasts of scalding, opaque steam.
Your pale cyan-grey scales are hard. (AC +8)
You cannot fit into any form of body armour.
You are cold-blooded and may be slowed by cold attacks.
You are immune to the effects of steam.


Message History

Reactivating autopickup.
You feel the effects of Trog's Hand fading.
The ogre shouts!
The orc shouts!
The ogre shouts!
You hear a shout!
You hear two shouts!
The orc warrior hits you with a +0 mace.
* * * LOW HITPOINT WARNING * * *
The orc completely misses you.
The orc knight hits you with a +0 war axe.
* * * LOW HITPOINT WARNING * * *
The ogre barely misses you.
The orc warlord roars a battlecry!
The orcs go into a battle-frenzy!
The orc closely misses you.
The orc warrior hits you with a +0 mace.
* * * LOW HITPOINT WARNING * * *
The orc hits you but does no damage.
An orc comes into view. It is wielding a +0 short sword.
The orc warlord roars a battlecry!
The orc knight barely misses you. The orc misses you.
An orc priest comes into view. It is wielding a +0 morningstar.
The orc warrior closely misses you.
There is a stone staircase leading up here.
As you read the scroll of fear, it crumbles to dust.
You assume a fearsome visage.
The two-headed ogre resists with some effort.
The ogre looks frightened!
The orc warlord looks frightened!
The orc priest looks frightened!
The orc looks frightened!
The orc wizard looks frightened!
The ogre looks frightened!
The troll looks frightened!
The orc sorcerer looks frightened!
The orc looks frightened! x4; The orc knight easily resists.
The troll looks frightened!
The troll shouts!
The orc warrior looks frightened!
The orc looks frightened!
The orc warrior looks frightened!
The orc looks frightened!
The ogre looks frightened!
The orc wizard casts a spell.
The orc wizard flickers and vanishes!
Deactivating autopickup; reactivate with Ctrl-A.
The orc knight hits you with a +0 war axe!!
You die...

##.................
##.#..................
#...#....#............
##.................#T..
#......................
##..[<.................
##[[........O.........
##............o.......
##...........o.@o......
##.#............o.......
#.............o$..o.....
##.##.............O.o#..
#............#.[..ooo...
##................O..{..
###.#................Oo
###.........#....o#oT
##.............#.


You could see an orc warlord (fleeing), an orc knight (strong), a two-headed
ogre, 2 trolls, an orc sorcerer (strong, fleeing), 2 orc warriors, 3 ogres, an
orc priest (strong, fleeing) and 7 orcs.

Vanquished Creatures
  Nessos (D:12)
  A boulder beetle (D:12)
  4 two-headed ogres
  Nergalle (D:12)
  A deep elf pyromancer (D:12)
  2 orc knights
  An orc sorcerer (Orc:1)
  An ugly thing (D:12)
  3 cyclopes
  2 manticores
  An elephant (D:11)
  2 kobold demonologists
  Maggie (D:6)
  Jeremiah (D:7)
  2 komodo dragons
  Psyche (D:8)
  4 trolls
  Grinder (D:4)
  A hornet (D:9)
  2 wyverns (D:9)
  A yak (D:10)
  3 vampires
  A wraith (D:11)
  A warg (Orc:1)
  3 steam dragons
  2 vampire mosquitoes (D:11)
  An acid dragon (D:11)
  A water moccasin (D:5)
  16 orc warriors
  2 ice beasts (D:7)
  3 sky beasts (D:7)
  2 black bears (D:11)
  3 ogres
  2 centaurs
  4 phantoms
  A kobold brigand (D:7)
  A weeping skull (D:6)
  Blork the orc (D:5)
  A gnoll sergeant (D:11)
  2 bullfrogs
  5 scorpions
  5 wights (D:9)
  10 killer bees
  9 howler monkeys
  7 electric eels
  4 hounds
  4 gnoll boudas
  2 jellies (D:8)
  An iguana (D:6)
  6 orc priests
  11 orc wizards
  27 gnolls
  2 adders (D:5)
  4 bombardier beetles
  A white imp (D:8)
  2 ufetubi (D:7)
  A worm (D:2)
  3 dart slugs
  42 orcs
  6 ball pythons
  8 endoplasms
  A giant cockroach (D:1)
  12 hobgoblins
  18 kobolds
  2 quokkas
  A bat (D:1)
  A frilled lizard (D:1)
  18 goblins
  3 rats
  A spectral orc (D:6)
301 creatures vanquished.

Notes
Turn   | Place    | Note
-------+----------+-------------------------------------------
     0 | D:1      | grandjackal the Draconian Gladiator began the quest for the
                  | Orb.
     0 | D:1      | Reached XP level 1. HP: 17/17 MP: 1/1
    91 | D:1      | Reached XP level 2. HP: 23/25 MP: 2/2
   557 | D:2      | Reached XP level 3. HP: 30/30 MP: 3/3
   569 | D:2      | You are sucked into a shaft and drop 2 floors!
   861 | D:2      | Reached XP level 4. HP: 38/38 MP: 4/4
  1587 | D:3      | Found a runed translucent gate.
  1587 | D:3      | Found a runed translucent gate.
  1587 | D:3      | Found a runed translucent gate.
  1588 | D:3      | Noticed Aldia's ghost (amateur OnWr)
  1595 | D:3      | Noticed a kobold brigand
  1898 | D:3      | Reached XP level 5. HP: 46/46 MP: 5/5
  2257 | D:4      | Found Sineu's Assorted Antiques.
  2262 | D:4      | Bought a brown potion for 21 gold pieces
  2262 | D:4      | Bought a scroll labelled LAZAUTZ QULUKE for 24 gold pieces
  2561 | D:4      | Noticed Grinder
  2567 | D:4      | Paralysed by Grinder for 5 turns
  2578 | D:4      | HP: 1/46 [Grinder (2)]
  2582 | D:5      | Entered Level 5 of the Dungeon
  2745 | D:4      | Paralysed by Grinder for 5 turns
  2762 | D:4      | Paralysed by Grinder for 5 turns
  2777 | D:4      | Killed Grinder
  2778 | D:4      | Reached XP level 6. HP: 6/55 MP: 6/6
  3012 | D:4      | Found a snail-covered altar of Cheibriados.
  3014 | D:4      | Found a sparkling altar of Nemelex Xobeh.
  3014 | D:4      | Found a blossoming altar of Fedhas.
  3342 | D:5      | Reached skill level 5 in Fighting
  3342 | D:5      | Reached skill level 5 in Long Blades
  3342 | D:5      | Your scales start taking on a pale cyan-grey colour.
  3342 | D:5      | Reached XP level 7. HP: 34/61 MP: 7/7
  3342 | D:5      | Gained mutation: You are immune to the effects of steam.
                  | [Pale Draconian growth]
  3485 | D:5      | Reached skill level 1 in Evocations
  3569 | D:5      | Reached skill level 5 in Dodging
  3866 | D:5      | Reached XP level 8. HP: 67/70 MP: 8/8
  4104 | D:5      | Noticed Blork the orc
  4111 | D:5      | Killed Blork the orc
  4722 | D:6      | Found a staircase to the Ecumenical Temple.
  4740 | Temple   | Entered the Ecumenical Temple
  4762 | Temple   | Became a worshipper of Trog the Wrathful
  5177 | D:6      | Found a basalt altar of Yredelemnul.
  5431 | D:7      | Reached XP level 9. HP: 74/79 MP: 9/9
  5456 | D:7      | Noticed Jeremiah
  5460 | D:7      | Reached skill level 5 in Evocations
  5463 | D:7      | Noticed Maggie
  5644 | D:6      | Killed Maggie
  5773 | D:7      | Killed Jeremiah
  5824 | D:7      | Reached * piety under Trog
  6818 | D:8      | Reached XP level 10. HP: 82/90 MP: 10/10
  7058 | D:8      | Reached ** piety under Trog
  7247 | D:8      | Noticed Psyche
  7254 | D:8      | Killed Psyche
  7871 | D:9      | Identified the +1 whip of Xiedgh {flame, rF+ Str+3 Dex+5}
  8389 | D:9      | Identified the +1 mace "Riuruc" {flame, *Noise Str+4}
  8569 | D:9      | Found a glowing silver altar of Zin.
  8878 | D:10     | Entered Level 10 of the Dungeon
  8953 | D:10     | Found a flagged portal.
  8959 | D:10     | Reached *** piety under Trog
  8966 | Bailey   | Entered a bailey
  8985 | Bailey   | Noticed an orc knight
  9160 | Bailey   | Identified the +6 ring mail "Suziadgh" {rCorr Int+2 Dex-3}
  9162 | Bailey   | Killed an orc knight
  9624 | D:10     | Found Isisiw's Magic Scroll Boutique.
  9657 | D:10     | Bought a scroll of immolation for 60 gold pieces
  9657 | D:10     | Bought 3 scrolls of fear for 180 gold pieces
  9657 | D:10     | Bought a scroll of enchant armour for 112 gold pieces
  9777 | D:10     | Noticed a rust devil
  9778 | D:10     | Reached XP level 11. HP: 92/99 MP: 11/11
 10128 | D:11     | Reached skill level 10 in Fighting
 10151 | D:11     | Noticed a two-headed ogre
 10154 | D:11     | Reached **** piety under Trog
 10163 | D:11     | Killed a two-headed ogre
 11065 | D:11     | Found a staircase to the Lair.
 11076 | D:11     | Identified the +9 trident "Jellyslayer" {flame, ^Contam
                  | rN++ rCorr Dex+2}
 11175 | D:12     | Reached skill level 10 in Long Blades
 11175 | D:12     | Noticed a boulder beetle
 11202 | D:12     | Killed a boulder beetle
 11339 | D:12     | Identified the +8 flail "Bamit" {drain, rCorr Dex+2}
 11341 | D:12     | Noticed a two-headed ogre
 11356 | D:12     | Killed a two-headed ogre
 11628 | D:12     | Noticed Nessos
 11640 | D:12     | Killed Nessos
 12048 | D:12     | Noticed a two-headed ogre
 12057 | D:12     | Killed a two-headed ogre
 12058 | D:12     | Reached skill level 10 in Evocations
 12120 | D:12     | Noticed Nergalle
 12121 | D:12     | Found a staircase to the Orcish Mines.
 12133 | D:12     | Killed Nergalle
 12134 | D:12     | Reached XP level 12. HP: 110/110 MP: 12/12
 12180 | D:12     | Found Poehypn's Antique Armour Shoppe.
 12216 | Orc:1    | Entered Level 1 of the Orcish Mines
 12502 | D:12     | Reached skill level 10 in Dodging
 12662 | Orc:1    | Noticed a two-headed ogre
 12679 | Orc:1    | Killed a two-headed ogre
 12964 | Orc:2    | Entered Level 2 of the Orcish Mines
 13149 | Orc:2    | Noticed an orc warlord
 13150 | Orc:2    | Noticed a two-headed ogre
 13246 | Orc:2    | Demolished by an orc knight

Illustrated notes

Levels and vault maps discovered:
D:1:      roadster_arrival_rocket_large, layout_basic
D:2:      layout_rooms, serial_aquarium, aquarium_bridge_straight
          [aquarium_subvault_bridge, aquarium_subvault_window,
          aquarium_subvault_bridge, aquarium_subvault_window],
          aquarium_window_2, aquarium_window_fake, aquarium_window_fake,
          aquarium_view_2c, serial_park_tiny_pond, minmay_misc_feat_nine_boxes
D:3:      kennysheep_the_goblin_king, layout_loops_ring,
          gammafunk_ghost_nasty_kobolds
D:4:      layout_basic, chequers_temple_overflow_statue_of_worship,
          serial_shops, shop, serial_library_hellmonk_room_c, uniq_grinder
D:5:      layout_loops_corners, dreamdust_wishing_well, uniq_blork_the_orc
D:6:      layout_rooms, yredelemnul_forgotten_temple_becter,
          minmay_temple_entry_mist
D:7:      layout_loops_ring, uniq_jeremiah, uniq_maggie
D:8:      layout_loops_ring, hangedman_abyss_or_decor_slice, grunt_ministairs_8,
          chequers_big_river, dk_noncrumbling_2, uniq_psyche
D:9:      layout_basic, zin_statuary, serial_bayou, serial_bayou_crossing,
          serial_bayou_pond_e, serial_bayou_shore_a, serial_bayou_pond_e,
          ebering_dispersal_statue_hall
D:10:     layout_roguey, enter_bailey_4, serial_shops, shop,
          kennysheep_generic_room_10
D:11:     layout_basic, grunt_lair_entry_orc_guard_hut
D:12:     layout_big_octagon, orc_0_dummy, serial_shops,
          nicolae_shop_tiny_real_fake_doors, uniq_nergalle, uniq_nessos
Temple:   minmay_temple_bridge_d
Orc:1:    layout_diamond_mine, basic_altar
Orc:2:    st_orc_ogre_mass, layout_caves, mines2_lemuel

Skill      XL: |  1  2  3  4  5  6  7  8  9 10 11 12 |
---------------+-------------------------------------+-----
Throwing       | 2 |  2.0
Dodging        | 3 4 5 6 7 8 9 10 | 10.2
Fighting       | 3 4 5 6 7 8 9 11 | 11.8
Long Blades    | 4 5 6 8 9 10 11 | 11.1
Evocations     | 2 4 6 8 10 | 10.6

Action                     |  1- 3 |  4- 6 |  7- 9 | 10-12 || total
---------------------------+-------+-------+-------+-------++-------
  Melee: Long sword        |    62 |   149 |   290 |    14 ||   515
         Tailslap          |     6 |    16 |    55 |   106 ||   183
         Punch             |     1 |     2 |     4 |    10 ||    17
         Scimitar          |       |       |       |   581 ||   581
 Invoke: Berserk           |       |       |       |    12 ||    12
         Trog's Hand       |       |       |       |     1 ||     1
Ability: Breathe Steam     |       |       |    19 |    23 ||    42
  Evoke: Wand              |       |       |       |    10 ||    10
    Use: Potion            |     2 |     1 |     1 |     1 ||     5
         Scroll            |       |       |     5 |    10 ||    15
   Stab: Sleeping          |     1 |     2 |     1 |     1 ||     5
         Distracted        |       |       |     1 |       ||     1
         Invisible         |       |       |     9 |       ||     9
 Armour: Skin              |    37 |    70 |   182 |   412 ||   701
  Dodge: Dodged            |    28 |    84 |   246 |   595 ||   953

Table legend: (Time is in decaauts)
 A = Elapsed time spent in this place.
 B = Non-inter-level travel time spent in this place.
 C = Inter-level travel time spent in this place.
 D = Time resting spent in this place.
 E = Time spent auto-exploring this place.
 F = Levels seen in this place.
 G = Mean time per level.
                   A        B        C        D        E       F      G
               +--------+--------+--------+--------+--------+-----+--------+
         Total |  13363 |  12745 |    618 |   3206 |   6879 |  16 |  835.2 |
       Dungeon |  11980 |  11425 |    555 |   2570 |   6595 |  12 |  998.3 |
        Temple |     44 |      7 |     37 |      0 |      0 |   1 |   44.0 |
  Orcish Mines |    797 |    772 |     25 |    384 |    189 |   2 |  398.5 |
        Bailey |    541 |    541 |      0 |    252 |     95 |   1 |  541.0 |
               +--------+--------+--------+--------+--------+-----+--------+

Top non-repeatable levels by time:
     D:5: 1454 daAuts
     D:7: 1226 daAuts
    D:11: 1217 daAuts
     D:4: 1145 daAuts
     D:8: 1079 daAuts
     D:9: 1075 daAuts
    D:12: 1014 daAuts
     D:3: 950 daAuts
     D:6: 864 daAuts
    D:10: 847 daAuts
   Orc:1: 732 daAuts
     D:2: 597 daAuts
  Bailey: 541 daAuts
     D:1: 508 daAuts
   Orc:2: 65 daAuts
